 Dungeon Crawl Stone Soup version 0.26.0-10-g1f06aea511 (webtiles) character file.

Game seed: 13176365423178709009

74 Marvel the Skirmisher (level 4, -1/37 HPs)
             Began as a Demonspawn Abyssal Knight on Jan 14, 2021.
             Was a Follower of Lugonu.
             Killed by divine providence
             ... invoked by an orc priest
              (11 damage)
             ... on level 3 of the Dungeon.
             The game lasted 00:05:00 (2386 turns).

Marvel the Skirmisher (Demonspawn Abyssal Knight)   Turns: 2386, Time: 00:05:00

Health: -1/37      AC:  8    Str: 14    XL:     4   Next: 9%
Magic:  6/6        EV:  9    Int: 13    God:    Lugonu [*.....]
Gold:   98         SH:  0    Dex: 12    Spells: 3/3 levels left

rFire    + . .     SeeInvis .   a - +1 hand axe
rCold    + . .     Faith    .   (no shield)
rNeg     . . .     Spirit   .   e - +0 scale mail
rPois    +         Reflect  .   (helmet restricted)
rElec    +         Harm     .   (no cloak)
rCorr    +         Rampage  .   (no gloves)
Will     .....                  (no boots)
Stlth    ..........             (no amulet)
HPRegen  0.12/turn              (no ring)
MPRegen  0.10/turn              (no ring)

@: resistant
A: antennae 1, thin metallic scales 1, powered by death 1
a: Renounce Religion, Depart the Abyss


You were on level 3 of the Dungeon.
You worshipped Lugonu.
Lugonu was aware of your devotion.
You visited 1 branch of the dungeon, and saw 3 of its levels.
You visited the Abyss 1 time.

You collected 98 gold pieces.

Inventory:

Hand Weapons
 a - a +1 hand axe (weapon)
Armour
 b - a +0 leather armour
 e - a +0 scale mail (worn)
Scrolls
 c - 2 scrolls of identify {unknown}
 d - a scroll of amnesia {unknown}
 g - 2 scrolls of enchant weapon {unknown}
 i - 2 scrolls of remove curse {unknown}
 k - a scroll of magic mapping {unknown}
Potions
 f - a potion of magic {unknown}
 h - a potion of haste {unknown}
 j - a potion of flight {unknown}
 l - a potion of mutation {unknown}


   Skills:
 + Level 3.7 Fighting
 + Level 2.6 Axes
 + Level 2.5 Armour
 + Level 1.1 Dodging
 + Level 2.7 Invocations


You had 3 spell levels left.
You didn't know any spells.
Your spell library was empty.

Dungeon Overview and Level Annotations

Branches:
Dungeon (3/15)

Altars:

Annotations:
D:2 1 runed translucent door, Crazy Yiuf


Innate Abilities, Weirdness & Mutations

You have a pair of small antennae on your head.
You are partially covered in thin metallic scales. (AC +2)
You regenerate a little health from kills.


Message History

The orc barely misses you. x2
You hit the orc priest.
The orc priest is moderately wounded.
You hit the orc.
You kill the orc!
Lugonu accepts your kill.
You hit the orc but do no damage. The orc priest closely misses you.
The orc hits you but does no damage.
You hit the orc priest.
The orc priest is heavily wounded.
You hit the orc.
You kill the orc!
Lugonu accepts your kill.
The orc priest hits you with a +0 mace of protection.
* * * LOW HITPOINT WARNING * * *
You hit the orc priest but do no damage.
The orc priest is heavily wounded.
The orc priest mumbles some strange prayers to Beogh against you.
Beogh smites you!
You die...

...... #.....
.. ..... ...
#.#.#######<.
#............
........###.
#..........
##..........
#†.)@...###
#...[#o......
#.#..#..#....
............##
?...##.##....##
..... ... ...##
...[ .... .###
.... ##.. ..


You could see an orc priest.

Vanquished Creatures
  An adder (D:2)
  2 oozes
  2 worms (D:2)
  A dart slug (D:2)
  A leopard gecko (D:1)
  2 orcs (D:3)
  6 bats
  4 giant cockroaches
  5 hobgoblins
  8 jackals
  3 frilled lizards
  A goblin (D:2)
  3 kobolds
  5 rats
44 creatures vanquished.

Notes
Turn   | Place    | Note
-------+----------+-------------------------------------------
     0 | Abyss:1  | Marvel the Demonspawn Abyssal Knight began the quest for
                  | the Orb.
     0 | Abyss:1  | Reached XP level 1. HP: 18/18 MP: 2/2
     7 | Abyss:1  | Found a snail-covered altar of Cheibriados.
    79 | Abyss:1  | Noticed a small abomination
    81 | D:1      | Escaped the Abyss
   485 | D:1      | Gained mutation: You regenerate a little health from kills.
                  | [demonic ancestry]
   485 | D:1      | Reached XP level 2. HP: 24/24 MP: 3/3
   814 | D:1      | Reached * piety under Lugonu
  1098 | D:1      | Gained mutation: You have a pair of small antennae on your
                  | head. [demonic ancestry]
  1098 | D:1      | Reached XP level 3. HP: 28/30 MP: 5/5
  1787 | D:2      | Reached skill level 1 in Dodging
  1983 | D:2      | Found a runed translucent door.
  1984 | D:2      | Noticed Crazy Yiuf
  2372 | D:3      | Gained mutation: You are partially covered in thin metallic
                  | scales. (AC +2) [demonic ancestry]
  2372 | D:3      | Reached XP level 4. HP: 36/37 MP: 6/6
  2386 | D:3      | Killed from afar by an orc priest

Illustrated notes

Levels and vault maps discovered:
D:1:      matt_arrival_los_fun, layout_loops_ring
D:2:      layout_rooms, uniq_crazy_yiuf_cottage
D:3:      layout_rooms, kiku_gazebo_pond_becter, bloody_trog, uniq_jessica

Skill      XL: |  1  2  3 |
---------------+----------+-----
Axes           | 2 |  2.6
Armour         | 2 |  2.5
Dodging        | 1 |  1.1
Fighting       | |  3.7
Invocations    | |  2.7

Action                   |  1- 3 |  4- 6 || total
-------------------------+-------+-------++-------
Melee: Hand axe          |   158 |    13 ||   171
Invok: Depart the Abyss  |     1 |       ||     1
  Use: Potion            |       |     1 ||     1
Armor: Leather armour    |    19 |       ||    19
       Scale mail        |    61 |     8 ||    69
Dodge: Dodged            |    95 |    11 ||   106
